TOP OF THE 1ST |
Washington (APP) Nationals batting - Pitching for Danville Braves : RHP Iestyn Nicholls
|
Pitching: RHP Iestyn Nicholls
|
|
Batting: LHB Chris Williams
|
0-0: Called Strike 0-1: Fly out, F7 (Flyball, 78D, EV 78.1 MPH)
|
Batting: RHB Er Le
|
0-0: Ball 1-0: Foul Ball, location: 2F 1-1: Ball 2-1: Ball 3-1: Foul Ball, location: 2F 3-2: SINGLE (Line Drive, 4MD, EV 100.6 MPH)
|
Batting: SHB Curtis DeLille
|
0-0: Grounds into double play, 5-4-3 (Groundball, 5L, EV 100.6 MPH)
|
Top of the 1st over - 0 runs, 1 hit, 0 errors, 0 left on base; Washington (APP) 0 - Danville 0 |
BOTTOM OF THE 1ST |
Danville Braves batting - Pitching for Washington (APP) Nationals : RHP Greg Hall
|
Pitching: RHP Greg Hall
|
|
Batting: RHB Richard Saquic
|
0-0: Ground out 6-3 (Groundball, 6, EV 110.6 MPH)
|
Batting: RHB Manny Hensley
|
0-0: Called Strike 0-1: Swinging Strike 0-2: Foul Ball, location: 2F 0-2: Ball 1-2: SINGLE (Line Drive, 8LS, EV 102.5 MPH)
|
Batting: LHB Ricardo Sandoval
|
0-0: Ball 1-0: Ball Wild Pitch! Manny Hensley to second 2-0: Ball 3-0: Called Strike 3-1: Base on Balls
|
Batting: RHB Chris Trites
|
0-0: Ball 1-0: SINGLE (Groundball, 56S, EV 75.6 MPH) (infield hit) Manny Hensley to third Ricardo Sandoval to second
|
Batting: SHB Karl Starnes
|
0-0: Called Strike 0-1: SINGLE (Groundball, 4MD, EV 108.1 MPH) Manny Hensley scores Ricardo Sandoval to third Chris Trites to second Runner from 3rd tries for Home, SAFE, throw by CF to home
|
Batting: LHB Jason Herr
|
0-0: Ball 1-0: Fielders Choice at 2nd, 4-6 (Groundball, 4, EV 85.0 MPH) Chris Trites to third
|
Batting: LHB Mitsujiro Tanaka
|
0-0: Ball 1-0: Ball 2-0: Foul Ball, location: 2F 2-1: Fly out, F5 (Popup, 56S, EV 70.6 MPH)
|
Bottom of the 1st over - 2 runs, 3 hits, 0 errors, 2 left on base; Washington (APP) 0 - Danville 2 |
TOP OF THE 2ND |
Washington (APP) Nationals batting - Pitching for Danville Braves : RHP Iestyn Nicholls
|
Batting: RHB Justin Davenport
|
0-0: SOLO HOME RUN (Flyball, 78XD, EV 103.8 MPH), Distance : 404 ft
|
Batting: RHB Jelexiz Cuenca
|
0-0: Called Strike 0-1: Ball 1-1: Foul Ball, location: 2F 1-2: Ball 2-2: Ball 3-2: Foul Ball, location: 2F 3-2: Foul Ball, location: 2F 3-2: Base on Balls
|
Batting: RHB Taffounnout Kame
|
0-0: Ball 1-0: Swinging Strike 1-1: Ball 2-1: Swinging Strike 2-2: Foul Ball, location: 2F 2-2: Foul Ball, location: 2F 2-2: Ball 3-2: Strikes out swinging
|
Batting: RHB Steve Kunselman
|
0-0: Ball 1-0: Ball 2-0: Called Strike 2-1: Ball 3-1: Called Strike 3-2: Foul Ball, location: 2F 3-2: 2-RUN HOME RUN (Line Drive, 78XD, EV 98.8 MPH), Distance : 385 ft
|
Batting: RHB Jessie Fisher
|
0-0: Ground out 4-3 (Groundball, 4, EV 85.0 MPH)
|
Batting: LHB Tony Olvera
|
0-0: Ground out 6-3 (Groundball, 6S, EV 86.9 MPH)
|
Top of the 2nd over - 3 runs, 2 hits, 0 errors, 0 left on base; Washington (APP) 3 - Danville 2 |
BOTTOM OF THE 2ND |
Danville Braves batting - Pitching for Washington (APP) Nationals : RHP Greg Hall
|
Batting: RHB Mike Bergin
|
0-0: Fly out, F8 (Flyball, 8RS, EV 93.1 MPH)
|
Batting: RHB Roman Lauder
|
0-0: Ball 1-0: Ball 2-0: SINGLE (Groundball, 34D, EV 108.1 MPH)
|
Batting: RHB Richard Saquic
|
0-0: Ball 1-0: 2-RUN HOME RUN (Flyball, 7D, EV 93.1 MPH), Distance : 341 ft
|
Batting: RHB Manny Hensley
|
0-0: Called Strike 0-1: Foul Ball, location: 2F 0-2: Ball 1-2: Strikes out swinging
|
Batting: LHB Ricardo Sandoval
|
0-0: Ball 1-0: Ball 2-0: Called Strike 2-1: Swinging Strike 2-2: Strikes out swinging
|
Bottom of the 2nd over - 2 runs, 2 hits, 0 errors, 0 left on base; Washington (APP) 3 - Danville 4 |
TOP OF THE 3RD |
Washington (APP) Nationals batting - Pitching for Danville Braves : RHP Iestyn Nicholls
|
Batting: LHB Chris Williams
|
0-0: Swinging Strike 0-1: Fly out, F8 (Flyball, 78XD, EV 88.8 MPH)
|
Batting: RHB Er Le
|
0-0: Ball 1-0: Swinging Strike 1-1: Ball 2-1: Foul Ball, location: 2F 2-2: Foul Ball, location: 2F 2-2: Fly out, F7 (Flyball, 7, EV 88.8 MPH)
|
Batting: SHB Curtis DeLille
|
0-0: Ground out 4-3 (Groundball, 4, EV 80.0 MPH)
|
Top of the 3rd over - 0 runs, 0 hits, 0 errors, 0 left on base; Washington (APP) 3 - Danville 4 |
BOTTOM OF THE 3RD |
Danville Braves batting - Pitching for Washington (APP) Nationals : RHP Greg Hall
|
Batting: RHB Chris Trites
|
0-0: Fly out, F7 (Flyball, BS2, EV 101.9 MPH)
|
Batting: SHB Karl Starnes
|
0-0: Foul Ball, location: 2F 0-1: Ball 1-1: Foul Ball, location: 2F 1-2: Ball 2-2: Ball 3-2: Base on Balls
|
Batting: LHB Jason Herr
|
0-0: Called Strike 0-1: Foul Ball, location: 2F 0-2: Grounds out, U3 (Groundball, 3L, EV 106.9 MPH)
|
Batting: LHB Mitsujiro Tanaka
|
0-0: Ball 1-0: Ball 2-0: Fly out, F8 (Flyball, 8RD, EV 101.9 MPH)
|
Bottom of the 3rd over - 0 runs, 0 hits, 0 errors, 1 left on base; Washington (APP) 3 - Danville 4 |
TOP OF THE 4TH |
Washington (APP) Nationals batting - Pitching for Danville Braves : RHP Iestyn Nicholls
|
Batting: RHB Justin Davenport
|
0-0: Called Strike 0-1: Reached on error, E6 (Groundball, 6S, EV 68.1 MPH)
|
Batting: RHB Jelexiz Cuenca
|
0-0: Foul Ball, location: 2F 0-1: Foul Ball, location: 2F 0-2: Ball 1-2: Ball 2-2: Ball 3-2: Strikes out swinging Justin Davenport steals 2nd base Batter strikes out.
|
Batting: RHB Taffounnout Kame
|
0-0: Called Strike Justin Davenport steals 3rd base 0-1: Called Strike 0-2: Foul Ball, location: 2F 0-2: Fly out, F9 (Flyball, 89M, EV 95.6 MPH)
|
Batting: RHB Steve Kunselman
|
0-0: Foul Ball, location: 2F 0-1: Swinging Strike 0-2: Strikes out swinging
|
Top of the 4th over - 0 runs, 0 hits, 1 error, 1 left on base; Washington (APP) 3 - Danville 4 |
BOTTOM OF THE 4TH |
Danville Braves batting - Pitching for Washington (APP) Nationals : RHP Greg Hall
|
Batting: RHB Mike Bergin
|
0-0: Foul Ball, location: 2F 0-1: Swinging Strike 0-2: Strikes out swinging
|
Batting: RHB Roman Lauder
|
0-0: Ball 1-0: Ball 2-0: Ball 3-0: Called Strike 3-1: Base on Balls
|
Batting: RHB Richard Saquic
|
0-0: Ground out 5-3 (Groundball, 56, EV 83.1 MPH) Roman Lauder to second
|
Batting: RHB Manny Hensley
|
0-0: Swinging Strike 0-1: SINGLE (Line Drive, 89S, EV 90.0 MPH) Roman Lauder to third Runner from 3rd tries for Home, throw by RF and OUT! 9-2
|
Bottom of the 4th over - 0 runs, 1 hit, 0 errors, 1 left on base; Washington (APP) 3 - Danville 4 |
TOP OF THE 5TH |
Washington (APP) Nationals batting - Pitching for Danville Braves : RHP Iestyn Nicholls
|
Batting: RHB Jessie Fisher
|
0-0: Foul Ball, location: 2F 0-1: Ball 1-1: Foul Ball, location: 2F 1-2: Ball 2-2: Foul Ball, location: 2F 2-2: SINGLE (Groundball, 6D, EV 111.9 MPH)
|
Batting: LHB Tony Olvera
|
0-0: Called Strike Jessie Fisher is caught stealing 2nd base 2-6 0-1: Ball 1-1: Ball 2-1: Foul Ball, location: 2F 2-2: Foul Ball, location: 2F 2-2: Strikes out swinging
|
Batting: LHB Chris Williams
|
0-0: Foul Ball, location: 2F 0-1: Swinging Strike 0-2: Fly out, F6 (Popup, P, EV 78.8 MPH)
|
Top of the 5th over - 0 runs, 1 hit, 0 errors, 0 left on base; Washington (APP) 3 - Danville 4 |
BOTTOM OF THE 5TH |
Danville Braves batting - Pitching for Washington (APP) Nationals : RHP Greg Hall
|
Batting: LHB Ricardo Sandoval
|
0-0: Called Strike 0-1: Foul Ball, location: 2F 0-2: Ball 1-2: Ball 2-2: Foul Ball, location: 2F 2-2: Strikes out swinging
|
Batting: RHB Chris Trites
|
0-0: Called Strike 0-1: Foul Ball, location: 2F 0-2: Foul Ball, location: 2F 0-2: Foul Ball, location: 2F 0-2: Ball 1-2: Foul Ball, location: 2F 1-2: Foul Ball, location: 2F 1-2: Ball 2-2: Ball 3-2: Fly out, F8 (Line Drive, 8LM, EV 88.8 MPH)
|
Batting: SHB Karl Starnes
|
0-0: Ball 1-0: Ball 2-0: Called Strike 2-1: Ball 3-1: Base on Balls
|
Pitching: RHP Nate Vandergriff
|
|
Batting: LHB Jason Herr
|
0-0: Ball 1-0: Foul Ball, location: 2F 1-1: Ball 2-1: Foul Ball, location: 2F 2-2: Foul Ball, location: 2F 2-2: Ball 3-2: Base on Balls Karl Starnes to second
|
Batting: LHB Mitsujiro Tanaka
|
0-0: Ball 1-0: Called Strike 1-1: Called Strike 1-2: Ball 2-2: Ground out 4-3 (Groundball, 4, EV 90.0 MPH)
|
Bottom of the 5th over - 0 runs, 0 hits, 0 errors, 2 left on base; Washington (APP) 3 - Danville 4 |
TOP OF THE 6TH |
Washington (APP) Nationals batting - Pitching for Danville Braves : RHP Iestyn Nicholls
|
Batting: RHB Er Le
|
0-0: Called Strike 0-1: Ball 1-1: Swinging Strike 1-2: Strikes out swinging
|
Batting: SHB Curtis DeLille
|
0-0: Ball 1-0: Foul Ball, location: 2F 1-1: Ball 2-1: Called Strike 2-2: Strikes out swinging
|
Batting: RHB Justin Davenport
|
0-0: SINGLE (Groundball, 56, EV 98.8 MPH)
|
Batting: RHB Jelexiz Cuenca
|
0-0: Called Strike 0-1: Swinging Strike 0-2: Foul Ball, location: 2F 0-2: Foul Ball, location: 2F 0-2: Ball 1-2: Strikes out swinging
|
Top of the 6th over - 0 runs, 1 hit, 0 errors, 1 left on base; Washington (APP) 3 - Danville 4 |
BOTTOM OF THE 6TH |
Danville Braves batting - Pitching for Washington (APP) Nationals : RHP Nate Vandergriff
|
Batting: RHB Mike Bergin
|
0-0: Foul Ball, location: 2F 0-1: Ball 1-1: Ball 2-1: Ball 3-1: Fly out, F9 (Flyball, 89M, EV 86.2 MPH)
|
Batting: RHB Roman Lauder
|
0-0: Ground out U3 (Groundball, 13, EV 93.1 MPH)
|
Batting: RHB Richard Saquic
|
0-0: Ball 1-0: Called Strike 1-1: Foul Ball, location: 2F 1-2: Ball 2-2: Fly out, F4 (Popup, 3S, EV 76.9 MPH)
|
Bottom of the 6th over - 0 runs, 0 hits, 0 errors, 0 left on base; Washington (APP) 3 - Danville 4 |
TOP OF THE 7TH |
Washington (APP) Nationals batting - Pitching for Danville Braves : RHP Iestyn Nicholls
|
Pitching: LHP Darius Brown
|
|
Batting: RHB Taffounnout Kame
|
0-0: Ball 1-0: Called Strike 1-1: Swinging Strike 1-2: Strikes out swinging
|
Batting: RHB Steve Kunselman
|
0-0: Ball 1-0: SINGLE (Line Drive, 7S, EV 100.6 MPH)
|
Batting: RHB Jessie Fisher
|
0-0: Called Strike Steve Kunselman steals 2nd, throwing error, E2 Steve Kunselman to third 0-1: Ball 1-1: Called Strike 1-2: Foul Ball, location: 2F 1-2: Strikes out swinging
|
Pinch Hitting: RHB Vasag Semerjian
|
0-0: Called Strike 0-1: SINGLE (Groundball, 6D, EV 105.0 MPH) Steve Kunselman scores
|
Pinch Hitting: RHB Antonio Vallez
|
0-0: Ball 1-0: Called Strike 1-1: Ball 2-1: 2-RUN HOME RUN (Flyball, 7D, EV 97.5 MPH), Distance : 345 ft
|
Pitching: RHP Armando Padron
|
|
Batting: RHB Er Le
|
0-0: Ball 1-0: Ball 2-0: Fly out, F8 (Flyball, 8RD, EV 94.4 MPH)
|
Top of the 7th over - 3 runs, 3 hits, 1 error, 0 left on base; Washington (APP) 6 - Danville 4 |
TOP OF THE 8TH |
Washington (APP) Nationals batting - Pitching for Danville Braves : RHP Armando Padron
|
Batting: SHB Curtis DeLille
|
0-0: Called Strike 0-1: Ball 1-1: Called Strike 1-2: SOLO HOME RUN (Flyball, 9D, EV 91.2 MPH), Distance : 347 ft
|
Batting: RHB Justin Van Houten
|
0-0: Ball 1-0: Ball 2-0: Ball 3-0: Called Strike 3-1: Base on Balls
|
Batting: RHB Jason Ewert
|
0-0: Ball 1-0: Called Strike 1-1: Foul Ball, location: 2F 1-2: Ball 2-2: Ground out U3 (Groundball, 3, EV 88.1 MPH) Justin Van Houten to second
|
Batting: RHB Taffounnout Kame
|
0-0: Ball 1-0: Called Strike 1-1: Ball 2-1: SINGLE (Groundball, 25, EV 60.0 MPH) (infield hit) Justin Van Houten to third
|
Batting: RHB Steve Kunselman
|
0-0: Ball Taffounnout Kame steals 2nd, throwing error, E2 Justin Van Houten scores Taffounnout Kame to third 1-0: Called Strike 1-1: Ball 2-1: Ground out 4-3 (Groundball, 4M, EV 88.1 MPH) Taffounnout Kame scores
|
Batting: RHB Jessie Fisher
|
0-0: Called Strike 0-1: Ball 1-1: Called Strike 1-2: Strikes out swinging
|
Top of the 8th over - 3 runs, 2 hits, 1 error, 0 left on base; Washington (APP) 9 - Danville 4 |
BOTTOM OF THE 8TH |
Danville Braves batting - Pitching for Washington (APP) Nationals : RHP Matt Norris
|
Batting: SHB Karl Starnes
|
0-0: Swinging Strike 0-1: Ball 1-1: Swinging Strike 1-2: Fly out, F9 (Flyball, 89M, EV 91.2 MPH)
|
Batting: LHB Jason Herr
|
0-0: Called Strike 0-1: Called Strike 0-2: Foul Ball, location: 2F 0-2: Ball 1-2: SINGLE (Groundball, 34D, EV 103.8 MPH) (infield hit)
|
Batting: LHB Mitsujiro Tanaka
|
0-0: Ball 1-0: Called Strike 1-1: Fly out, F7 (Flyball, 7D, EV 76.9 MPH)
|
Batting: RHB Mike Bergin
|
0-0: Ground out 4-3 (Groundball, 4, EV 103.8 MPH)
|
Bottom of the 8th over - 0 runs, 1 hit, 0 errors, 1 left on base; Washington (APP) 9 - Danville 4 |
TOP OF THE 9TH |
Washington (APP) Nationals batting - Pitching for Danville Braves : RHP Armando Padron
|
Batting: RHB Chad Madsen
|
0-0: Ground out 1-3 (Groundball, 34S, EV 73.1 MPH)
|
Batting: RHB Antonio Vallez
|
0-0: Called Strike 0-1: Ball 1-1: Foul Ball, location: 2F 1-2: Ball 2-2: Strikes out swinging
|
Pitching: RHP Jeremy Mash
|
|
Batting: RHB Er Le
|
0-0: Ground out 6-3 (Groundball, 6, EV 79.4 MPH)
|
Top of the 9th over - 0 runs, 0 hits, 0 errors, 0 left on base; Washington (APP) 9 - Danville 4 |
BOTTOM OF THE 9TH |
Danville Braves batting - Pitching for Washington (APP) Nationals : RHP Matt Norris
|
Batting: RHB Roman Lauder
|
0-0: Swinging Strike 0-1: Foul Ball, location: 2F 0-2: Ball 1-2: Foul Ball, location: 2F 1-2: Strikes out swinging
|
Batting: RHB Richard Saquic
|
0-0: Ball 1-0: Foul Ball, location: 2F 1-1: Ball 2-1: Ground out 5-3 (Groundball, 56S, EV 70.6 MPH)
|
Batting: RHB Manny Hensley
|
0-0: Fly out, F9 (Flyball, 9D, EV 96.9 MPH)
|
Bottom of the 9th over - 0 runs, 0 hits, 0 errors, 0 left on base; Washington (APP) 9 - Danville 4 |
|